[Event "Titled Tuesday Blitz March 28 Late 2023"]
[White "Osmonbekov, Talaibek"]
[Black "Sanchez, Robert"]
[WhiteFideId "2017253"]
[BlackFideId "2034360"]
[WhiteElo "2135"]
[BlackElo "2084"]
[Result "1-0"]
[Round "06"]
[TimeControl "180+2"]
[Date "2023.03.28"]
[WhiteClock "0:01:24"]
[BlackClock "0:02:08"]

1. d4 Nf6 2. Bf4 e6 3. Nc3 d5 4. e3 Bb4 5. Bd3 c5 6. dxc5 Bxc5 7. Nb5 Na6 8. c3 O-O 9. Nf3 Qe7 10. b4 Bb6 11. Bd6 Qd8 12. Bxf8 Qxf8 13. O-O Bd7 14. a4 Nc7 15. Nbd4 a6 16. Ne5 Bc8 17. a5 Ba7 18. f4 Nd7 19. Qh5 g6 20. Qh4 Nxe5 21. fxe5 Bd7 22. Rf3 Qd8 23. Qh3 Be8 24. Qh6 Qe7 25. Rh3 1-0


[Site "https://www.chess.com"]

[Event "Titled Tuesday Blitz March 28 Late 2023"]
[White "Narva, Triin"]
[Black "Torres Dominguez, David"]
[WhiteFideId "4502680"]
[BlackFideId "2220857"]
[WhiteElo "1944"]
[BlackElo "1999"]
[Result "1/2-1/2"]
[Round "06"]
[TimeControl "180+2"]
[Date "2023.03.28"]
[WhiteClock "0:00:07"]
[BlackClock "0:00:07"]

1. e4 Nc6 2. d4 e5 3. d5 Nce7 4. Nc3 Ng6 5. Nf3 Bb4 6. Bd3 d6 7. O-O N8e7 8. a3 Bxc3 9. bxc3 O-O 10. Rb1 b6 11. h3 f5 12. c4 a5 13. c3 Bd7 14. Qc2 h6 15. exf5 Nxf5 16. Nd2 Nf4 17. Ne4 Nxh3+ 18. gxh3 Qh4 19. f4 Qxh3 20. fxe5 Nh4 21. Nf6+ gxf6 22. Be4 fxe5 23. Bxh6 Rxf1+ 24. Rxf1 Bg4 25. Bg2 Qxg2+ 26. Qxg2 Nxg2 27. Kxg2 Kh7 28. Rh1 Rg8 29. Be3+ Kg6 30. Kf2 Rf8+ 31. Ke1 Rf3 32. Kd2 Rg3 33. Rh6+ Kg7 34. Rh2 Bf3 35. Rf2 Rg2 36. Ke1 Rxf2 37. Kxf2 Bd1 38. Bg5 Bb3 39. Bd8 Bxc4 40. Bxc7 Bxd5 41. Bxd6 Kf6 42. Bc7 a4 43. Bxb6 Bc4 44. Ke3 Ke6 45. Bc5 Kd5 46. Bb4 e4 47. Bf8 Bd3 48. Bb4 Kc4 49. Kf4 Kb3 50. Ke3 Kc2 51. Ba5 Kb3 52. Bb4 Kc4 53. Ba5 Bb1 54. Bb4 Kb3 55. Kd4 Bd3 56. Ke3 1/2-1/2


[Site "https://www.chess.com"]

[Event "Titled Tuesday Blitz March 28 Late 2023"]
[White "Xiong, Jeffery"]
[Black "Nakamura, Hikaru"]
[WhiteFideId "2047640"]
[BlackFideId "2016192"]
[WhiteElo "2726"]
[BlackElo "2879"]
[Result "1/2-1/2"]
[Round "07"]
[TimeControl "180+2"]
[Date "2023.03.28"]
[WhiteClock "0:02:56"]
[BlackClock "0:02:07"]

1. e4 c5 2. Nf3 Nc6 3. Nc3 e5 4. Bc4 g6 5. d3 h6 6. a3 a5 7. Nd2 Bg7 8. Nf1 Nge7 9. Ne3 d6 10. a4 Nb4 11. O-O O-O 12. Ncd5 Nbxd5 13. Nxd5 Kh7 14. Nxe7 Qxe7 15. Bd5 f5 16. exf5 Bxf5 17. Be3 Rae8 18. Qd2 b6 19. Rae1 Be6 20. Bc6 Bd7 21. Bxd7 Qxd7 22. b3 d5 23. f3 Re6 24. Bf2 Rfe8 25. Re2 Qc6 26. Rfe1 Qd7 27. Bg3 Qc6 28. Bf2 Qd7 29. Bg3 Qc6 30. Bf2 1/2-1/2


[Site "https://www.chess.com"]

[Event "Titled Tuesday Blitz March 28 Late 2023"]
[White "Fedoseev, Vladimir"]
[Black "Sadhwani, Raunak"]
[WhiteFideId "24130737"]
[BlackFideId "35093487"]
[WhiteElo "2752"]
[BlackElo "2631"]
[Result "0-1"]
[Round "07"]
[TimeControl "180+2"]
[Date "2023.03.28"]
[WhiteClock "0:00:02"]
[BlackClock "0:00:06"]

1. e4 e5 2. Nf3 Nc6 3. Bb5 Nf6 4. d3 Bc5 5. c3 O-O 6. O-O d5 7. Nbd2 dxe4 8. dxe4 Qe7 9. Qe2 a5 10. a4 Na7 11. Bd3 Nc6 12. Nc4 h6 13. Rd1 Re8 14. h3 Be6 15. Ne3 Rad8 16. Bc2 Rxd1+ 17. Qxd1 Rd8 18. Qe2 b6 19. Kh2 Qd7 20. Nh4 g6 21. Qf3 Kg7 22. Nf1 Qe7 23. g3 Nh7 24. Qe2 Ng5 25. g4 Qf6 26. f3 h5 27. Nf5+ gxf5 28. gxf5 Rg8 29. Bxg5 Qxg5 30. Nd2 Kf6 31. fxe6 Be3 32. Nc4 Bf4+ 33. Kh1 Qg3 0-1


[Site "https://www.chess.com"]

[Event "Titled Tuesday Blitz March 28 Late 2023"]
[White "Firouzja, Alireza"]
[Black "Paravyan, David"]
[WhiteFideId "12573981"]
[BlackFideId "4194985"]
[WhiteElo "2904"]
[BlackElo "2577"]
[Result "1/2-1/2"]
[Round "07"]
[TimeControl "180+2"]
[Date "2023.03.28"]
[WhiteClock "0:00:08"]
[BlackClock "0:00:08"]

1. d4 Nf6 2. c4 g6 3. g3 c6 4. Bg2 d5 5. Nf3 Bg7 6. O-O O-O 7. b3 dxc4 8. bxc4 c5 9. Bb2 cxd4 10. Nxd4 Qb6 11. Qc1 Bd7 12. Nd2 Nc6 13. Nc2 Rfd8 14. Bc3 Qa6 15. Qb2 Be6 16. Ne3 Qb6 17. Nb3 Bh6 18. Bxf6 Bxe3 19. Bxc6 exf6 20. Bd5 Bh6 21. Rad1 f5 22. Rd3 Rac8 23. Rfd1 Bxd5 24. cxd5 Rd6 25. e3 Bg7 26. Qd2 Qb5 27. Nd4 Qxd5 28. Nxf5 Qxd3 29. Nxd6 Qxd2 30. Rxd2 Rd8 31. Kf1 Be5 32. Nc4 Rxd2 33. Nxd2 b5 34. Ke2 Kf8 35. Kd3 Ke7 36. f4 Bc7 37. e4 Bb6 38. e5 f6 39. Ke4 Ke6 40. exf6 Kxf6 41. Nf3 h6 42. g4 a6 43. h4 Bc7 44. g5+ hxg5 45. hxg5+ Ke6 46. Nd4+ Kd6 47. f5 gxf5+ 48. Nxf5+ Ke6 49. g6 Bd8 50. g7 Kf7 51. Kd5 Bf6 52. Kc5 Bd8 53. Kc6 b4 54. Kc5 a5 55. Kb5 Kg8 56. Ka4 Bb6 57. Kb5 Bd8 58. Nd4 Bf6 59. Ne6 Bc3 60. Ka4 Kf7 61. Kb5 Kg8 62. Nd8 Kxg7 63. Nc6 Kf6 64. Nxa5 Ke6 65. Nc6 Kd6 66. Nxb4 Bxb4 67. Kxb4 Kc6 68. a4 Kb7 69. a5 Ka8 70. a6 Kb8 71. a7+ Ka8 72. Kb3 Kxa7 1/2-1/2


[Site "https://www.chess.com"]

[Event "Titled Tuesday Blitz March 28 Late 2023"]
[White "Bortnyk, Olexandr"]
[Black "Kamsky, Gata"]
[WhiteFideId "14120828"]
[BlackFideId "2000024"]
[WhiteElo "2734"]
[BlackElo "2666"]
[Result "1-0"]
[Round "07"]
[TimeControl "180+2"]
[Date "2023.03.28"]
[WhiteClock "0:00:03"]
[BlackClock "0:00:13"]

1. d4 d5 2. Nc3 Nf6 3. Bf4 Bf5 4. e3 e6 5. Nf3 a6 6. Ne5 h5 7. Bd3 Bxd3 8. cxd3 Nbd7 9. Qb3 Rb8 10. Rc1 Nxe5 11. Bxe5 Bd6 12. h3 Bxe5 13. dxe5 Nd7 14. d4 c5 15. O-O c4 16. Qd1 b5 17. e4 b4 18. Ne2 Nb6 19. exd5 exd5 20. Nf4 Qg5 21. Qf3 Qf5 22. Qe3 Rd8 23. Rfe1 g5 24. e6 Qxf4 25. exf7+ Kd7 26. Qe7+ Kc8 27. Qxb4 Qd6 28. Qa5 Kb7 29. b3 Rhf8 30. Qd2 Rxf7 31. Qxg5 Qf6 32. Qxh5 Qxf2+ 33. Kh1 Rg8 34. Rg1 Qf4 35. bxc4 dxc4 36. Rb1 Qxd4 37. Qxf7+ 1-0


[Site "https://www.chess.com"]

[Event "Titled Tuesday Blitz March 28 Late 2023"]
[White "Erigaisi Arjun"]
[Black "Deac, Bogdan-Daniel"]
[WhiteFideId "35009192"]
[BlackFideId "1226380"]
[WhiteElo "2737"]
[BlackElo "2649"]
[Result "1-0"]
[Round "07"]
[TimeControl "180+2"]
[Date "2023.03.28"]
[WhiteClock "0:00:12"]
[BlackClock "0:00:03"]

1. b3 e5 2. Bb2 Nc6 3. e3 g6 4. c4 Bg7 5. Nf3 Nge7 6. d4 d6 7. dxe5 O-O 8. Nc3 Nxe5 9. Be2 b6 10. Nxe5 Bxe5 11. Bf3 Rb8 12. Qd2 Nf5 13. O-O-O a6 14. Bd5 b5 15. Ne4 Qe7 16. f4 Bxb2+ 17. Qxb2 Ng7 18. h4 h5 19. Nf6+ Kh8 20. e4 c6 21. Bxc6 bxc4 22. Bd5 cxb3 23. axb3 Be6 24. f5 gxf5 25. Nxh5 f6 26. Nf4 Qc7+ 27. Kb1 Bxd5 28. exd5 Rfe8 29. Rh3 Re4 30. Qxf6 Kg8 31. Ne6 Nxe6 32. dxe6 Rg4 33. e7 Qd7 34. Rxd6 1-0


[Site "https://www.chess.com"]

[Event "Titled Tuesday Blitz March 28 Late 2023"]
[White "Grigoriants, Sergey"]
[Black "Lazavik, Denis"]
[WhiteFideId "4130804"]
[BlackFideId "13515110"]
[WhiteElo "2502"]
[BlackElo "2560"]
[Result "1/2-1/2"]
[Round "07"]
[TimeControl "180+2"]
[Date "2023.03.28"]
[WhiteClock "0:00:06"]
[BlackClock "0:00:06"]

1. d4 Nf6 2. c4 e6 3. Nc3 Bb4 4. e3 O-O 5. Bd3 d5 6. Ne2 dxc4 7. Bxc4 c5 8. a3 Bxc3+ 9. Nxc3 cxd4 10. exd4 Nc6 11. Be3 b6 12. O-O Bb7 13. Rc1 Rc8 14. Ba2 Ne7 15. Bg5 Ng6 16. Qa4 h6 17. Bxf6 Qxf6 18. d5 Nf4 19. Qxa7 Bxd5 20. Bxd5 exd5 21. Qa6 Qg5 22. g3 d4 23. Ne4 Qf5 24. Rxc8 Nh3+ 25. Kg2 Rxc8 26. Nd6 Nf4+ 27. Kg1 Nh3+ 28. Kg2 Qd5+ 29. Kxh3 Rc5 30. Qxb6 Kh7 31. f3 Rc6 32. Qb5 Qxd6 33. Qd3+ g6 34. Rd1 Qe6+ 35. Kg2 Rd6 36. Rd2 h5 37. h4 Qd5 38. a4 Re6 39. Re2 Rb6 40. a5 Rb3 41. Qe4 Qc4 42. Rc2 Qb5 43. Qxd4 Qf5 44. Rf2 Qxa5 45. Qc4 Rb7 46. f4 Qb6 47. f5 Kg7 48. fxg6 fxg6 49. Qc3+ Kh7 50. Qf3 Rg7 51. Qe4 Qd6 52. Qf4 Qc6+ 53. Qf3 Qb6 54. Qf4 Qc6+ 55. Qf3 Qb6 1/2-1/2


[Site "https://www.chess.com"]

[Event "Titled Tuesday Blitz March 28 Late 2023"]
[White "Drygalov, Sergey"]
[Black "Svane, Rasmus"]
[WhiteFideId "24171743"]
[BlackFideId "4657101"]
[WhiteElo "2533"]
[BlackElo "2597"]
[Result "0-1"]
[Round "07"]
[TimeControl "180+2"]
[Date "2023.03.28"]
[WhiteClock "0:00:02"]
[BlackClock "0:00:30"]

1. d4 Nf6 2. c4 e6 3. Nf3 h6 4. Nc3 Bb4 5. Qc2 d5 6. a3 Bxc3+ 7. Qxc3 b6 8. cxd5 Nxd5 9. Qc2 Ba6 10. e4 Bxf1 11. Kxf1 Nf6 12. Bf4 O-O 13. g4 Qd7 14. g5 hxg5 15. Bxg5 Nh7 16. Rg1 Nxg5 17. Rxg5 f6 18. Rg3 Nc6 19. Rd1 Rad8 20. Kg1 Ne5 21. Kh1 Nxf3 22. Rxf3 c5 23. d5 exd5 24. exd5 Rfe8 25. Qc4 Re5 26. Rfd3 Qf5 27. d6+ Kf8 28. Qh4 Qe4+ 29. Qxe4 Rxe4 30. Kg2 Kf7 31. Kf3 Re5 32. Kg3 Rd7 33. f4 Re2 34. b4 c4 35. Rc3 b5 36. a4 a6 37. axb5 axb5 38. Rd5 Rb2 39. Rxb5 Rb3 40. Rxb3 cxb3 41. Rd5 b2 42. Rd1 Rxd6 43. Rb1 Rd3+ 44. Kf2 Rb3 45. Ke2 Ke6 46. Kd2 Kf5 47. h4 g6 48. Kc2 Rxb4 49. Kc3 Rb8 50. Kc2 Kxf4 51. Rf1+ Kg4 52. Kb1 f5 53. Rg1+ Kh5 54. Rh1 Rb4 55. Rg1 Rg4 56. Rf1 Rg2 57. Rh1 f4 58. Rf1 Kg4 59. Rh1 f3 60. Rf1 Re2 61. Rg1+ Kxh4 62. Rxg6 f2 63. Rf6 Re1+ 0-1


[Site "https://www.chess.com"]

[Event "Titled Tuesday Blitz March 28 Late 2023"]
[White "Martinez Alcantara, Jose Eduardo"]
[Black "Rasulov, Vugar"]
[WhiteFideId "3805662"]
[BlackFideId "13402390"]
[WhiteElo "2712"]
[BlackElo "2509"]
[Result "1-0"]
[Round "07"]
[TimeControl "180+2"]
[Date "2023.03.28"]
[WhiteClock "0:00:57"]
[BlackClock "0:00:27"]

1. e4 e5 2. Nf3 Nf6 3. Nxe5 d6 4. Nf3 Nxe4 5. d4 d5 6. Bd3 Be7 7. O-O Nc6 8. Re1 Bg4 9. c3 f5 10. Nbd2 O-O 11. Qb3 Na5 12. Qa4 Nc6 13. Qb3 Na5 14. Qa4 Nc6 15. Bb5 Rf6 16. Bxc6 Rxc6 17. Ne5 Ra6 18. Qc2 Bh5 19. f3 Bh4 20. Rf1 Ng3 21. hxg3 Bxg3 22. Rd1 Qh4 23. Nf1 Bxe5 24. dxe5 Bxf3 25. Rd4 Be4 26. Qf2 Qg4 27. Ne3 Qh5 28. Nxd5 c5 29. Nf4 Qg4 30. Rd6 Rxd6 31. exd6 Qd1+ 32. Qf1 Qxd6 33. Be3 b6 34. Rd1 Qc6 35. Qc4+ Kh8 36. Qf7 Rg8 37. Kf2 Qh6 38. Ng6+ 1-0


[Site "https://www.chess.com"]

[Event "Titled Tuesday Blitz March 28 Late 2023"]
[White "Sargsyan, Shant"]
[Black "Kovalev, Vladislav"]
[WhiteFideId "13306766"]
[BlackFideId "13504398"]
[WhiteElo "2628"]
[BlackElo "2555"]
[Result "1-0"]
[Round "07"]
[TimeControl "180+2"]
[Date "2023.03.28"]
[WhiteClock "0:00:48"]
[BlackClock "0:00:02"]

1. g3 Nf6 2. Bg2 d5 3. Nf3 e6 4. O-O Be7 5. c4 O-O 6. d4 dxc4 7. Qc2 a6 8. a4 Bd7 9. Qxc4 Bc6 10. Bg5 Bd5 11. Qd3 Be4 12. Qd1 h6 13. Bxf6 Bxf6 14. Nc3 Bxf3 15. Bxf3 c6 16. e3 a5 17. h4 Na6 18. Ne4 Be7 19. Kg2 c5 20. d5 exd5 21. Nc3 d4 22. exd4 cxd4 23. Nb5 Nc5 24. Nxd4 Bf6 25. Nf5 Bxb2 26. Ra2 Qxd1 27. Rxd1 Bf6 28. Rc1 Nd3 29. Rb1 Rfd8 30. h5 Rac8 31. Bxb7 Rb8 32. Rb5 Ne1+ 33. Kh3 Rd3 34. Re2 Rd1 35. Be4 Rbd8 36. Rxa5 Nd3 37. Bxd3 R1xd3 38. Ra6 Ra3 39. Nxh6+ Kf8 40. Ng4 Be7 41. Ne5 Bf6 42. Ng4 Bd4 43. Rd2 Bb6 44. Rxd8+ Bxd8 45. Ra8 Ke7 46. Ne3 Kd7 47. Ra7+ Ke6 48. Ra6+ Kd7 49. Nc4 Ra2 50. Ne5+ Ke8 51. Ra8 1-0


[Site "https://www.chess.com"]

[Event "Titled Tuesday Blitz March 28 Late 2023"]
[White "Mammadov, Zaur"]
[Black "Maghsoodloo, Parham"]
[WhiteFideId "13401033"]
[BlackFideId "12539929"]
[WhiteElo "2441"]
[BlackElo "2647"]
[Result "0-1"]
[Round "07"]
[TimeControl "180+2"]
[Date "2023.03.28"]
[WhiteClock "0:00:14"]
[BlackClock "0:00:37"]

1. e4 c6 2. c4 d5 3. cxd5 cxd5 4. exd5 Nf6 5. Nc3 Nxd5 6. Nf3 e6 7. d4 Be7 8. Bd3 Nc6 9. O-O O-O 10. Re1 Nf6 11. Bg5 g6 12. Bc4 Na5 13. Bd3 Nc6 14. Bc4 Nd5 15. Bh6 Re8 16. Ne4 a6 17. Rc1 Bd7 18. a3 Rc8 19. Qd2 Nf6 20. Qf4 Nxe4 21. Rxe4 Qc7 22. Qe3 Bf6 23. Re1 Ne7 24. Bb3 Nf5 25. Qd2 Bc6 26. Bf4 Qb6 27. Rxe6 Qxb3 28. Rxf6 Bxf3 29. gxf3 Qxf3 30. Bg3 Nxd4 0-1


[Site "https://www.chess.com"]

[Event "Titled Tuesday Blitz March 28 Late 2023"]
[White "Costachi, Mihnea"]
[Black "Bortnyk, Mykola"]
[WhiteFideId "1217518"]
[BlackFideId "14120836"]
[WhiteElo "2456"]
[BlackElo "2582"]
[Result "1/2-1/2"]
[Round "07"]
[TimeControl "180+2"]
[Date "2023.03.28"]
[WhiteClock "0:00:12"]
[BlackClock "0:00:20"]

1. d4 g6 2. c4 Bg7 3. Nc3 c5 4. d5 Bxc3+ 5. bxc3 f5 6. e4 fxe4 7. f3 Nf6 8. Qc2 d6 9. fxe4 e5 10. Nf3 Nbd7 11. Bh6 Qa5 12. Bd3 Ng4 13. Bg5 h6 14. Bd2 g5 15. O-O Ngf6 16. Rf2 Ng4 17. Rff1 Ngf6 18. Rf2 Rf8 19. Raf1 Ng4 20. Re2 Nb6 21. h3 Nf6 22. Ref2 Nh5 23. Kh2 Bd7 24. g3 O-O-O 25. Ne1 Rxf2+ 26. Rxf2 Qa6 27. Rf7 Be8 28. Rh7 Nxc4 29. Rxh6 b5 30. Bxg5 Rd7 31. Rh8 Rg7 32. Rxe8+ Kd7 33. Rd8+ Kc7 34. Bh4 Nxg3 35. Bxc4 bxc4 36. Qb2 Nf1+ 37. Kh1 Ng3+ 38. Kh2 Nf1+ 39. Kh1 Ng3+ 40. Bxg3 Kxd8 41. Qb8+ Ke7 42. Bh4+ Kf7 43. Qc7+ Kg6 44. Qd8 Qxa2 45. Qg5+ Kh7 46. Qh5+ Kg8 47. Qe8+ Kh7 48. Qh5+ Kg8 49. Qe8+ Kh7 50. Qh5+ 1/2-1/2


[Site "https://www.chess.com"]

[Event "Titled Tuesday Blitz March 28 Late 2023"]
[White "Durarbayli, Vasif"]
[Black "Mendonca, Leon Luke"]
[WhiteFideId "13402935"]
[BlackFideId "35028561"]
[WhiteElo "2543"]
[BlackElo "2464"]
[Result "1-0"]
[Round "07"]
[TimeControl "180+2"]
[Date "2023.03.28"]
[WhiteClock "0:00:13"]
[BlackClock "0:00:01"]

1. e4 c6 2. d4 d5 3. exd5 cxd5 4. c4 Nf6 5. Nc3 e6 6. Nf3 Be7 7. cxd5 Nxd5 8. Bd3 O-O 9. O-O Nc6 10. Re1 Nf6 11. Bg5 Nb4 12. Bb1 b6 13. a3 Nbd5 14. Qd3 g6 15. Ne5 Bb7 16. Ba2 Rc8 17. h4 Nxc3 18. bxc3 Nd7 19. Nxf7 Rxf7 20. Rxe6 Nf6 21. Rae1 Bd5 22. Rxe7 Rxe7 23. Rxe7 Qxe7 24. Bxd5+ Kg7 25. Qd2 Re8 26. Kf1 Ne4 27. Bh6+ Kh8 28. Qe3 Nf6 29. Qxe7 Rxe7 30. Bf3 Rc7 31. Bd2 Kg7 32. Ke2 Ne8 33. Kd3 Nd6 34. Bf4 Rd7 35. Bc6 Rd8 36. Bg5 Rc8 37. d5 Kf7 38. g4 a6 39. c4 Rc7 40. Bf4 Ke7 41. Be5 Rc8 42. f4 Rf8 43. Kd4 Nf7 44. c5 bxc5+ 45. Kxc5 Rd8 46. Bc7 Rc8 47. Ba5 Nd6 48. Bb4 Ne4+ 49. Kd4+ Nd6 50. Ke5 Kf7 51. Bxd6 h5 52. gxh5 gxh5 53. f5 Kg7 54. Be7 Kf7 55. f6 Rg8 56. Bd7 Rg2 57. Be6+ Ke8 58. Bc5 Re2+ 59. Kd6 a5 60. f7+ Kf8 61. Kc6+ Kg7 62. f8=Q+ Kg6 63. Qf5+ Kh6 64. Qg5+ Kh7 65. Bf5+ Kh8 66. Bd4+ Re5 67. Bxe5# 1-0


[Site "https://www.chess.com"]

[Event "Titled Tuesday Blitz March 28 Late 2023"]
[White "Korchmar, Vasiliy"]
[Black "Terry, Renato"]
[WhiteFideId "24131750"]
[BlackFideId "3803457"]
[WhiteElo "2370"]
[BlackElo "2579"]
[Result "0-1"]
[Round "07"]
[TimeControl "180+2"]
[Date "2023.03.28"]
[WhiteClock "0:00:19"]
[BlackClock "0:00:56"]

1. e4 g6 2. d4 Bg7 3. Nc3 c6 4. Be3 d6 5. Qd2 Nd7 6. O-O-O Qa5 7. Kb1 b5 8. Nf3 Nb6 9. Bd3 Nc4 10. Bxc4 bxc4 11. e5 d5 12. h3 Rb8 13. Ka1 h5 14. Ng5 Nh6 15. f3 h4 16. e6 f6 17. Bf4 Rb7 18. Nf7 Nxf7 19. exf7+ Kxf7 20. Rhe1 Bf5 21. Re3 e6 22. Rde1 Bf8 23. Qe2 Qb4 24. Nd1 Be7 25. c3 Qb6 26. Rxe6 Bxe6 27. Qxe6+ Kg7 28. Ne3 Qxb2# 0-1


[Site "https://www.chess.com"]

[Event "Titled Tuesday Blitz March 28 Late 2023"]
[White "Rustemov, Alexander"]
[Black "Caruana, Fabiano"]
[WhiteFideId "4119002"]
[BlackFideId "2020009"]
[WhiteElo "2875"]
[BlackElo "2818"]
[Result "1-0"]
[Round "07"]
[TimeControl "180+2"]
[Date "2023.03.28"]
[WhiteClock "0:01:12"]
[BlackClock "0:00:30"]

1. d4 Nf6 2. c4 e6 3. Nf3 d5 4. Nc3 Bb4 5. Bg5 h6 6. Bxf6 Qxf6 7. e3 c5 8. cxd5 exd5 9. Bb5+ Bd7 10. Bxd7+ Nxd7 11. O-O Bxc3 12. bxc3 O-O 13. Qb3 Qc6 14. Rfb1 Rab8 15. a4 Rfc8 16. h3 b6 17. Qb5 Qb7 18. Ra2 a6 19. Qb3 Qc6 20. Rab2 Qe6 21. Ne1 cxd4 22. cxd4 Nf6 23. Nd3 Rc4 24. Qa3 Ne4 25. Nf4 Qc6 26. Ra1 g5 27. Nh5 Rc1+ 28. Rxc1 Qxc1+ 29. Kh2 Nxf2 30. Nf6+ Kg7 31. Qd6 Qh1+ 32. Kg3 Nd3 33. Nh5+ Kh7 34. Qf6 Rg8 35. Qxf7+ Kh8 36. Nf6 1-0


[Site "https://www.chess.com"]

[Event "Titled Tuesday Blitz March 28 Late 2023"]
[White "Andreikin, Dmitry"]
[Black "Babazada, Khazar"]
[WhiteFideId "4158814"]
[BlackFideId "13413554"]
[WhiteElo "2736"]
[BlackElo "2364"]
[Result "1-0"]
[Round "07"]
[TimeControl "180+2"]
[Date "2023.03.28"]
[WhiteClock "0:00:05"]
[BlackClock "0:00:03"]

1. e4 e5 2. Nf3 Nc6 3. Nc3 Nf6 4. h3 Bb4 5. Nd5 Bc5 6. c3 O-O 7. d4 exd4 8. cxd4 Nxd5 9. dxc5 Nf6 10. Bd3 d5 11. cxd6 Qxd6 12. Bb1 Qxd1+ 13. Kxd1 Be6 14. Bg5 Nd7 15. Kc1 f6 16. Be3 Rfe8 17. Rd1 Nb6 18. b3 Bf7 19. Kb2 Bg6 20. Nd2 Rad8 21. f3 Bf7 22. a3 Na5 23. Bc2 Nxb3 24. Bxb3 Bxb3 25. Nxb3 Nc4+ 26. Kc3 Nxe3 27. Rg1 f5 28. Rae1 f4 29. g3 Re6 30. gxf4 Rc6+ 31. Kb2 Nc4+ 32. Ka2 Ra6 33. Kb1 Rxa3 34. Kc2 Rxb3 35. Kxb3 Nd2+ 36. Kc3 Nxf3 37. Rd1 Re8 38. Rg3 Nh4 39. Rd7 g6 40. Rxc7 Rxe4 41. Rd3 Re8 42. Rxb7 Nf5 43. Rxa7 Ng7 44. Rdd7 Ne6 45. Rxh7 Nxf4 46. Rhg7+ Kf8 47. Rgf7+ Kg8 48. Rxf4 1-0


[Site "https://www.chess.com"]

[Event "Titled Tuesday Blitz March 28 Late 2023"]
[White "Bluebaum, Matthias"]
[Black "Van Foreest, Lucas"]
[WhiteFideId "24651516"]
[BlackFideId "1039792"]
[WhiteElo "2638"]
[BlackElo "2519"]
[Result "1-0"]
[Round "07"]
[TimeControl "180+2"]
[Date "2023.03.28"]
[WhiteClock "0:00:29"]
[BlackClock "0:00:01"]

1. d4 g5 2. Bxg5 Bg7 3. c3 c5 4. dxc5 Na6 5. Be3 Qc7 6. Qd5 Nf6 7. Qg5 Rg8 8. Nd2 Ne4 9. Nxe4 Bxc3+ 10. Nxc3 Rxg5 11. Bxg5 Qxc5 12. Nf3 d6 13. Rc1 Bg4 14. Bd2 Qh5 15. e4 Bxf3 16. gxf3 Nc5 17. Rg1 O-O-O 18. b4 Ne6 19. Rg3 Kb8 20. Nd5 Nd4 21. Rc3 e6 22. Nf6 Qxh2 23. Be3 Nc6 24. b5 Ne5 25. f4 Ng6 26. Rh3 Qg1 27. f3 Qf2+ 28. Kxf2 1-0


[Site "https://www.chess.com"]

[Event "Titled Tuesday Blitz March 28 Late 2023"]
[White "Kollars, Dmitrij"]
[Black "Pichot, Alan"]
[WhiteFideId "12909572"]
[BlackFideId "110973"]
[WhiteElo "2584"]
[BlackElo "2573"]
[Result "1/2-1/2"]
[Round "07"]
[TimeControl "180+2"]
[Date "2023.03.28"]
[WhiteClock "0:00:16"]
[BlackClock "0:00:05"]

1. e4 c5 2. c3 d5 3. exd5 Qxd5 4. d4 Nf6 5. Nf3 Nc6 6. Be3 Bg4 7. dxc5 Qxd1+ 8. Kxd1 O-O-O+ 9. Nd2 e5 10. Kc1 Nd5 11. Nb3 Nxe3 12. fxe3 g6 13. Bb5 Bh6 14. Re1 f6 15. Nbd2 Bf5 16. e4 Rxd2 17. Nxd2 Rd8 18. exf5 Rxd2 19. Kb1 Rxg2 20. fxg6 hxg6 21. h4 f5 22. a4 e4 23. a5 a6 24. Bxc6 bxc6 25. Ra4 Bd2 26. Rd1 e3 27. Rd4 f4 28. R4xd2 exd2 29. Kc2 f3 30. Rf1 d1=Q+ 31. Kxd1 Rxb2 32. Rxf3 Rb5 33. Rf6 Rxc5 34. Kc2 Kc7 35. Rxg6 Rxa5 36. Rh6 Ra2+ 37. Kb3 Rh2 38. h5 Kb6 39. Rh8 a5 40. h6 Kc5 41. h7 Rh4 42. Ka3 a4 43. Kb2 Rh2+ 44. Ka3 Rh4 45. c4 Rh2 46. Kxa4 Kxc4 47. Ka5 Kc5 48. Ka6 Rh1 49. Kb7 Kb5 50. Kc7 Kc5 51. Kd7 Rd1+ 52. Ke6 Re1+ 53. Kf5 Rf1+ 54. Kg4 Rh1 55. Kf4 Kc4 56. Ke5 c5 57. Kf6 Rf1+ 58. Kg6 Rg1+ 59. Kf5 Rf1+ 60. Ke4 Rf7 61. Ke5 Ra7 62. Kd6 Ra6+ 63. Kc7 Rh6 64. Kb7 Rh1 65. Kc6 Rh6+ 66. Kd7 Kc3 67. Ke7 c4 68. Kf7 Rh1 69. Kg6 Rg1+ 70. Kf5 Rf1+ 71. Ke4 Rh1 72. Kf5 Kc2 73. Kg6 Rg1+ 74. Kf6 Rf1+ 75. Kg6 Rg1+ 76. Kf6 Rh1 77. Kg6 c3 78. Rf8 Rg1+ 79. Kh6 Rh1+ 80. Kg7 Rg1+ 81. Kf7 Rf1+ 82. Kg7 Rg1+ 83. Kf6 Rh1 84. h8=Q Rxh8 85. Rxh8 Kb2 86. Rb8+ Ka2 87. Ra8+ Kb2 88. Rb8+ Ka2 89. Ke5 c2 90. Ra8+ Kb2 91. Rb8+ Ka2 92. Rc8 Kb2 93. Rxc2+ Kxc2 1/2-1/2


[Site "https://www.chess.com"]

[Event "Titled Tuesday Blitz March 28 Late 2023"]
[White "Pakleza, Zbigniew"]
[Black "Sarana, Alexey"]
[WhiteFideId "1119290"]
[BlackFideId "24133795"]
[WhiteElo "2410"]
[BlackElo "2714"]
[Result "0-1"]
[Round "07"]
[TimeControl "180+2"]
[Date "2023.03.28"]
[WhiteClock "0:00:02"]
[BlackClock "0:00:22"]

1. d4 d5 2. Bf4 c5 3. c3 Qb6 4. Qb3 c4 5. Qc2 Nc6 6. Nd2 g6 7. e4 e6 8. Ngf3 Nf6 9. e5 Nh5 10. Bg5 h6 11. Be3 Ng7 12. h3 Nf5 13. Bf4 g5 14. Bh2 Bd7 15. g4 Nfe7 16. h4 Ng6 17. Bg3 Be7 18. hxg5 hxg5 19. Rxh8+ Nxh8 20. b3 cxb3 21. axb3 Ng6 22. Bd3 Nf4 23. Bxf4 gxf4 24. Ke2 Rc8 25. Qb2 a5 26. Rh1 Kd8 27. g5 Kc7 28. Qa2 Rg8 29. Rh7 Be8 30. Qb1 a4 31. bxa4 Qxb1 32. Bxb1 Bxg5 33. Nxg5 Rxg5 34. Nf3 Rg4 35. Bd3 Na7 36. Kd2 Kb6 37. Bc2 Ka5 38. Rh8 Bd7 39. Ra8 Kb6 40. a5+ Kc7 41. a6 Nc6 42. axb7 Kxb7 43. Rf8 Rg7 44. Ba4 Kc7 45. Bxc6 Bxc6 46. Rh8 Bb5 47. Rh4 Kd7 48. Rxf4 Ke7 49. Rh4 Rg8 0-1


[Site "https://www.chess.com"]

[Event "Titled Tuesday Blitz March 28 Late 2023"]
[White "Anton Guijarro, David"]
[Black "Timmermans, Mark"]
[WhiteFideId "2285525"]
[BlackFideId "1026399"]
[WhiteElo "2618"]
[BlackElo "2460"]
[Result "1/2-1/2"]
[Round "07"]
[TimeControl "180+2"]
[Date "2023.03.28"]
[WhiteClock "0:00:08"]
[BlackClock "0:00:14"]

1. Nf3 Nf6 2. b3 e6 3. Bb2 d5 4. c4 Be7 5. g3 O-O 6. Bg2 b6 7. cxd5 Nxd5 8. O-O Bb7 9. d4 Nd7 10. Re1 c5 11. e4 N5f6 12. Nc3 cxd4 13. Nxd4 Ne5 14. Qe2 Qxd4 15. Nd5 Qc5 16. Rac1 Qd6 17. Bxe5 Qxe5 18. Nxe7+ Kh8 19. Qc4 Qa5 20. Qc3 Qxc3 21. Rxc3 Rad8 22. Rc7 Rd7 23. Rxd7 Nxd7 24. e5 Bxg2 25. Kxg2 g5 26. b4 b5 27. f4 gxf4 28. gxf4 a6 29. Rc1 Re8 30. Nc8 f6 31. Nd6 Rg8+ 32. Kf3 fxe5 33. Nf7+ Kg7 34. Nxe5 Nxe5+ 35. fxe5 Kg6 36. Rg1+ Kf7 37. Rc1 Rg5 38. Kf4 Rh5 39. Rc7+ Ke8 40. Rc6 Ke7 41. Rxa6 Rh4+ 42. Ke3 Rxb4 43. Ra7+ Ke8 44. Rxh7 Ra4 45. h4 Rxa2 46. Kd4 Rd2+ 47. Ke4 b4 48. Rb7 Rh2 49. Kd4 Rxh4+ 50. Kc5 b3 51. Kd6 Ra4 52. Kxe6 Ra6+ 53. Kf5 b2 54. Rxb2 Ke7 55. Rb7+ Ke8 56. Rg7 Rc6 57. Ke4 Ra6 58. Kd5 Rb6 59. Rc7 Ra6 60. Rc6 Rxc6 61. Kxc6 Ke7 62. e6 Kxe6 1/2-1/2


[Site "https://www.chess.com"]

[Event "Titled Tuesday Blitz March 28 Late 2023"]
[White "Ashraf, Artin"]
[Black "Alekseenko, Kirill"]
[WhiteFideId "22514805"]
[BlackFideId "4135539"]
[WhiteElo "2188"]
[BlackElo "2683"]
[Result "1-0"]
[Round "07"]
[TimeControl "180+2"]
[Date "2023.03.28"]
[WhiteClock "0:00:06"]
[BlackClock "0:00:20"]

1. Nf3 d5 2. g3 Nc6 3. d4 Bf5 4. a3 Qd7 5. Bg2 e6 6. O-O O-O-O 7. Bf4 f6 8. Nbd2 g5 9. Be3 h5 10. h4 g4 11. Ne1 Nge7 12. Rc1 Kb8 13. Nd3 Nc8 14. c4 Bxd3 15. exd3 N8e7 16. b4 Nf5 17. Nb3 dxc4 18. dxc4 Ncxd4 19. c5 c6 20. Bxd4 Nxd4 21. Nxd4 Qxd4 22. Qe2 Bh6 23. Rcd1 Bd2 24. b5 cxb5 25. Qxb5 Rh7 26. Rb1 Qd3 27. Qxd3 Rxd3 28. Be4 Rhd7 29. c6 R7d4 30. Rxb7+ Kc8 31. Bxd3 Rxd3 32. Rd1 Rd4 33. Rd7 1-0


[Site "https://www.chess.com"]